 Dungeon Crawl Stone Soup version 0.28.0-53-g5a82cb258f (webtiles) character file.

Game seed: 5456512879505013231

44 H0rd4k the Charlatan (level 3, -6/26 HPs)
             Began as a Human Artificer on June 23, 2022.
             Blown up by Ijyb (9 damage)
             ... with a mindburst bolt
             ... on level 3 of the Dungeon.
             The game lasted 00:01:22 (2661 turns).

H0rd4k the Charlatan (Human Artificer)              Turns: 2661, Time: 00:01:23

Health: -6/26      AC:  4    Str: 12    XL:     3   Next: 87%
Magic:  3/3        EV: 11    Int: 13    God:
Gold:   89         SH:  0    Dex: 13    Spells: 2/2 levels left

rFire   . . .      SeeInvis .   a - +0 club
rCold   . . .      Faith    .   (no shield)
rNeg    . . .      Spirit   .   b - +0 leather armour
rPois   .          Reflect  .   (no helmet)
rElec   .          Harm     .   (no cloak)
rCorr   .          Rampage  .   k - +0 pair of gloves
Will    .....                   (no boots)
Stlth   +.........              (no amulet)
HPRegen 0.08/turn               (no ring)
MPRegen 0.08/turn               (no ring)

@: no status effects
A: no striking features
a: no special abilities


You were on level 3 of the Dungeon.
You visited 1 branch of the dungeon, and saw 3 of its levels.

You collected 89 gold pieces.

Inventory:

Hand Weapons
 a - a +0 club (weapon)
Armour
 b - a +0 leather armour (worn)
 k - a +0 pair of gloves (worn)
Wands
 c - a wand of flame (4) (quivered)
 d - a wand of charming (15)
Scrolls
 h - 7 scrolls of identify {unknown}
 l - 2 scrolls of noise {unknown}
 n - 3 scrolls of blinking {unknown}
 o - a scroll of immolation {unknown}
 p - a scroll of fear {unknown}
Potions
 f - 3 potions of heal wounds {unknown}
 g - a potion of attraction {unknown}
 i - a potion of curing {unknown}
 j - 2 potions of degeneration {unknown}
 m - a potion of mutation {unknown}
Miscellaneous
 e - a piece from Xom's chessboard (15/15)


   Skills:
 + Level 1.4 Fighting
 + Level 1.2 Maces & Flails
 - Level 2.0 Armour
 + Level 1.4 Dodging
 - Level 1.0 Stealth
 + Level 3.8 Evocations


You had 2 spell levels left.
You didn't know any spells.
Your spell library contained the following spells:

 Spells                   Type           Power      Damage    Failure   Level
 Scorch                   Fire           0%         2d5       52%         2
 Flame Wave               Conj/Fire      0%         2d4       98%         4
 Summon Cactus Giant      Summ           0%         N/A       100%        6


Dungeon Overview and Level Annotations

Branches:
Dungeon (3/15)

Altars:

Shops:
D:1 *

Annotations:
D:3 Ijyb


Message History

Ijyb closely misses you.
Aiming: Throw Flame
Press: ? - help, Shift-Dir - straight line, f/p - Ijyb
Aim: Ijyb, wielding a +0 club, wearing a +0 ring mail and carrying a wand of mindburst (19) (moderately wounded, 68% to hit)
The puff of flame hits Ijyb.
Ijyb is moderately wounded.
Ijyb zaps a wand.
Your mind is blasted!
Aiming: Throw Flame
Press: ? - help, Shift-Dir - straight line, f/p - Ijyb
Aim: Ijyb, wielding a +0 club, wearing a +0 ring mail and carrying a wand of mindburst (18) (moderately wounded, 68% to hit)
The puff of flame hits Ijyb.
Ijyb is heavily wounded.
Ijyb barely misses you.
Aiming: Throw Flame
Press: ? - help, Shift-Dir - straight line, f/p - Ijyb
Aim: Ijyb, wielding a +0 club, wearing a +0 ring mail and carrying a wand of mindburst (18) (heavily wounded, 68% to hit)
The puff of flame hits Ijyb.
Ijyb is severely wounded.
Ijyb zaps a wand.
Your mind is blasted!
Aiming: Throw Flame
Press: ? - help, Shift-Dir - straight line, f/p - Ijyb
Aim: Ijyb, wielding a +0 club, wearing a +0 ring mail and carrying a wand of mindburst (17) (severely wounded, 68% to hit)
The puff of flame hits Ijyb but does no damage.
Ijyb is severely wounded.
Ijyb hits you with a +0 club.
Unknown command.
Aiming: Throw Flame
Press: ? - help, Shift-Dir - straight line, f/p - Ijyb
Aim: Ijyb, wielding a +0 club, wearing a +0 ring mail and carrying a wand of mindburst (17) (severely wounded, 68% to hit)
The puff of flame hits Ijyb but does no damage.
Ijyb is severely wounded.
Ijyb zaps a wand.
Your mind is blasted!
* * * LOW HITPOINT WARNING * * *
Aiming: Throw Flame
Press: ? - help, Shift-Dir - straight line, f/p - Ijyb
Aim: Ijyb, wielding a +0 club, wearing a +0 ring mail and carrying a wand of mindburst (16) (severely wounded, 68% to hit)
The puff of flame hits Ijyb but does no damage.
Ijyb is severely wounded.
Ijyb zaps a wand.
Your mind is blasted!
You die...

# #..#.# #.##.##.#
#......<# ####.####
#.# ..#####.#######
..............#
..######.####.###.###
#.####@g......
#.....####....
#.....# . #.....#
#.....# #...).#
###.### #.# #.#


You could see Ijyb.

Vanquished Creatures
  An adder (D:3)
  A worm (D:2)
  2 ball pythons
  6 endoplasms
  2 giant cockroaches
  5 goblins
  2 hobgoblins
  2 quokkas
  2 bats (D:1)
  2 frilled lizards
  3 kobolds (D:1)
  A rat (D:2)
29 creatures vanquished.

Notes
Turn   | Place    | Note
-------+----------+-------------------------------------------
     0 | D:1      | H0rd4k the Human Artificer began the quest for the Orb.
     0 | D:1      | Reached XP level 1. HP: 15/15 MP: 1/1
   294 | D:1      | Found Paagoq's Assorted Antiques.
   466 | D:1      | Reached XP level 2. HP: 17/21 MP: 2/2
  1433 | D:2      | Reached XP level 3. HP: 3/26 MP: 3/3
  2336 | D:2      | Reached skill level 1 in Maces & Flails
  2651 | D:3      | Noticed Ijyb
  2661 | D:3      | Blown up by Ijyb

Illustrated notes

Levels and vault maps discovered:
D:1:      dpeg_arrival_tiny_c, layout_basic, serial_shops,
          nicolae_shop_statue_plus, serial_bayou_pond_e
D:2:      layout_rooms, kennysheep_generic_room_14
D:3:      layout_loops_cross, serial_shops, shop, uniq_ijyb,
          uniq_crazy_yiuf_cottage

Skill      XL: |  1  2  3 |
---------------+----------+-----
Maces & Flails | 1 |  1.2
Fighting       | |  1.4
Armour         | |  2.0
Dodging        | |  1.4
Stealth        | |  1.0
Evocations     | |  3.8

Action                   || total
-------------------------++-------
Melee: Club              ||   108
       Punch             ||     2
Evoke: Wand              ||    11
 Stab: Sleeping          ||     3
Armor: Leather armour    ||    28
Dodge: Dodged            ||    60
